MLB
PITTSBURGH PIRATES @ MIAMI MARLINS
03/31/2024
 
TOP OF THE 1ST
Pittsburgh Pirates batting - Pitching for Miami Marlins : RHP Jackson Holgorsen
Pitching: RHP Jackson Holgorsen
Batting: RHB Stanford Samuels 0-0: Ball
1-0: Ball
2-0: Foul Ball, location: 2F
2-1: Ground out 5-3 (Groundball, 56, EV 100.6 MPH)
Batting: LHB CJ Abrams 0-0: Called Strike
0-1: Ball
1-1: Called Strike
1-2: Ball
2-2: Strikes out swinging
Batting: LHB Yordan Alvarez 0-0: Ball
1-0: Fly out, F8 (Line Drive, 8LS, EV 91.9 MPH)
Top of the 1st over - 0 runs, 0 hits, 0 errors, 0 left on base; Pittsburgh 0 - Miami 0
BOTTOM OF THE 1ST
Miami Marlins batting - Pitching for Pittsburgh Pirates : RHP Gunnar Graham
Pitching: RHP Gunnar Graham
Batting: RHB Grant Delpit 0-0: Foul Ball, location: 2F
0-1: Ball
1-1: Ball
2-1: SINGLE (Flyball, 78S, EV 93.8 MPH)
Batting: RHB Edgardo Cortéz 0-0: Ball
1-0: SINGLE (Groundball, 6MD, EV 99.4 MPH)
Grant Delpit to second
Runner from 2nd tries for 3rd, SAFE, throw by CF made to third
Batting: LHB Gunnar Henderson 0-0: Ball
1-0: Ball
2-0: SINGLE (Line Drive, 8RS, EV 96.3 MPH)
Grant Delpit scores
Edgardo Cortéz to second
Runner from 2nd tries for 3rd, SAFE, throw by CF made to third
Batting: RHB Ronald Acuna 0-0: Ball
Wild Pitch!
Edgardo Cortéz scores
Gunnar Henderson to second
1-0: Called Strike
1-1: Ball
2-1: Called Strike
2-2: Foul Ball, location: 2F
2-2: Strikes out swinging
Batting: LHB Brandon Grieve 0-0: Ball
1-0: Ground out 4-3 (Groundball, 4, EV 88.1 MPH)
Gunnar Henderson to third
Batting: RHB Tink Jones 0-0: Called Strike
0-1: Ball
1-1: Ground out 4-3 (Groundball, 34, EV 84.4 MPH)
Bottom of the 1st over - 2 runs, 3 hits, 0 errors, 1 left on base; Pittsburgh 0 - Miami 2
TOP OF THE 2ND
Pittsburgh Pirates batting - Pitching for Miami Marlins : RHP Jackson Holgorsen
Batting: RHB Rece Hinds 0-0: Ball
1-0: Foul Ball, location: 2F
1-1: Ball
2-1: Foul Ball, location: 2F
2-2: Strikes out swinging
Batting: SHB Michael Toglia 0-0: Foul Ball, location: 5FF
0-1: Foul Ball, location: 9LSF
0-2: SOLO HOME RUN (Flyball, 9D, EV 96.9 MPH), Distance : 383 ft
Batting: RHB Brayden Mack 0-0: Ball
1-0: Called Strike
1-1: Ball
2-1: Ground out 4-3 (Groundball, 4M, EV 97.5 MPH)
Batting: LHB Dominic Fletcher 0-0: Called Strike
0-1: Ball
1-1: Ball
2-1: Ball
3-1: Base on Balls
Batting: LHB Andres Gimenez 0-0: Ball
1-0: Foul Ball, location: 5DF
1-1: Ball
2-1: Ball
3-1: Fly out, F8 (Flyball, 8LD, EV 86.3 MPH)
Top of the 2nd over - 1 run, 1 hit, 0 errors, 1 left on base; Pittsburgh 1 - Miami 2
BOTTOM OF THE 2ND
Miami Marlins batting - Pitching for Pittsburgh Pirates : RHP Gunnar Graham
Batting: RHB Max Baker 0-0: Foul Ball, location: 9LSF
0-1: Foul Ball, location: 2F
0-2: Ground out 6-3 (Groundball, 6, EV 90.0 MPH)
Batting: RHB Will Holland 0-0: Called Strike
0-1: Ball
1-1: Ball
2-1: Ball
3-1: Called Strike
3-2: Foul Ball, location: 23FF
3-2: Foul Ball, location: 2F
3-2: Base on Balls
Batting: LHB Pavin Smith 0-0: Ball
1-0: Ball
2-0: Ball
3-0: Called Strike
3-1: Base on Balls
Will Holland to second
Batting: RHB Grant Delpit 0-0: Ball
1-0: Foul Ball, location: 9LDF
1-1: Ball
2-1: Foul Ball, location: 3DF
2-2: Strikes out swinging
Batting: RHB Edgardo Cortéz 0-0: Called Strike
0-1: Ball
1-1: Foul Ball, location: 3F
1-2: Foul Ball, location: 5DF
1-2: Fielders Choice at 2nd, 6-4 (Groundball, 6, EV 102.5 MPH)
Bottom of the 2nd over - 0 runs, 0 hits, 0 errors, 2 left on base; Pittsburgh 1 - Miami 2
TOP OF THE 3RD
Pittsburgh Pirates batting - Pitching for Miami Marlins : RHP Jackson Holgorsen
Batting: SHB Anthony Seigler 0-0: Called Strike
0-1: Ball
1-1: Fly out, F5 (Popup, 5SF, EV 78.1 MPH)
Batting: RHB Stanford Samuels 0-0: Called Strike
0-1: Ball
1-1: Swinging Strike
1-2: Strikes out swinging
Batting: LHB CJ Abrams 0-0: Ball
1-0: SINGLE (Line Drive, 34, EV 103.1 MPH)
Batting: LHB Yordan Alvarez 0-0: Ball
1-0: Called Strike
1-1: Swinging Strike
1-2: Foul Ball, location: 7LMF
1-2: Strikes out swinging
Top of the 3rd over - 0 runs, 1 hit, 0 errors, 1 left on base; Pittsburgh 1 - Miami 2
BOTTOM OF THE 3RD
Miami Marlins batting - Pitching for Pittsburgh Pirates : RHP Gunnar Graham
Batting: LHB Gunnar Henderson 0-0: Swinging Strike
0-1: SOLO HOME RUN (Flyball, 89XD, EV 100.0 MPH), Distance : 408 ft
Batting: RHB Ronald Acuna 0-0: Ball
1-0: Fly out, F8 (Flyball, 89M, EV 91.9 MPH)
Batting: LHB Brandon Grieve 0-0: Called Strike
0-1: Foul Ball, location: 2F
0-2: Strikes out swinging
Batting: RHB Tink Jones 0-0: Fly out, F9 (Flyball, 89M, EV 95.0 MPH)
Bottom of the 3rd over - 1 run, 1 hit, 0 errors, 0 left on base; Pittsburgh 1 - Miami 3
TOP OF THE 4TH
Pittsburgh Pirates batting - Pitching for Miami Marlins : RHP Jackson Holgorsen
Batting: RHB Rece Hinds 0-0: Swinging Strike
0-1: Ground out 6-3 (Groundball, 6, EV 103.8 MPH)
Batting: SHB Michael Toglia 0-0: Ball
1-0: Called Strike
1-1: Fly out, F9 (Flyball, 9LSF, EV 76.9 MPH)
Batting: RHB Brayden Mack 0-0: Called Strike
0-1: Ball
1-1: Called Strike
1-2: Strikes out swinging
Top of the 4th over - 0 runs, 0 hits, 0 errors, 0 left on base; Pittsburgh 1 - Miami 3
BOTTOM OF THE 4TH
Miami Marlins batting - Pitching for Pittsburgh Pirates : RHP Gunnar Graham
Batting: RHB Max Baker 0-0: Called Strike
0-1: Fly out, F8 (Flyball, 8LM, EV 78.8 MPH)
Batting: RHB Will Holland 0-0: Ball
1-0: Ball
2-0: Foul Ball, location: 9LMF
2-1: Swinging Strike
2-2: Strikes out swinging
Batting: LHB Pavin Smith 0-0: Swinging Strike
0-1: Ball
1-1: Called Strike
1-2: Ball
2-2: Ground out 4-3 (Groundball, 34, EV 106.3 MPH)
Bottom of the 4th over - 0 runs, 0 hits, 0 errors, 0 left on base; Pittsburgh 1 - Miami 3
TOP OF THE 5TH
Pittsburgh Pirates batting - Pitching for Miami Marlins : RHP Jackson Holgorsen
Batting: LHB Dominic Fletcher 0-0: Foul Ball, location: 7LSF
0-1: Called Strike
0-2: Foul Ball, location: 2F
0-2: Ball
1-2: Ground out 1-3 (Groundball, 34S, EV 67.5 MPH)
Batting: LHB Andres Gimenez 0-0: Called Strike
0-1: Called Strike
0-2: Ball
1-2: Ball
2-2: Ball
3-2: Foul Ball, location: 23F
3-2: Base on Balls
Batting: SHB Anthony Seigler 0-0: Called Strike
0-1: Swinging Strike
0-2: Hit by Pitch
Andres Gimenez to second
Batting: RHB Stanford Samuels 0-0: Called Strike
0-1: Foul Ball, location: 5F
0-2: Strikes out swinging
Batting: LHB CJ Abrams 0-0: Called Strike
0-1: SINGLE (Groundball, 6S, EV 66.3 MPH) (infield hit)
Andres Gimenez to third
Anthony Seigler to second
Batting: LHB Yordan Alvarez 0-0: Foul Ball, location: 2F
0-1: Foul Ball, location: 7LDF
0-2: Hit by Pitch
Andres Gimenez scores
Anthony Seigler to third
CJ Abrams to second
Pitching: LHP Alex Calipari
Batting: RHB Rece Hinds 0-0: Ball
1-0: Foul Ball, location: 25F
1-1: Called Strike
1-2: Foul Ball, location: 5F
1-2: Ball
2-2: Fly out, F8 (Flyball, 8RD, EV 89.4 MPH)
Top of the 5th over - 1 run, 1 hit, 0 errors, 3 left on base; Pittsburgh 2 - Miami 3
BOTTOM OF THE 5TH
Miami Marlins batting - Pitching for Pittsburgh Pirates : RHP Gunnar Graham
Batting: RHB Grant Delpit 0-0: Called Strike
0-1: Fly out, F8 (Flyball, 8RD, EV 94.4 MPH)
Batting: RHB Edgardo Cortéz 0-0: Called Strike
0-1: Fly out, F8 (Flyball, 8RM, EV 88.8 MPH)
Batting: LHB Gunnar Henderson 0-0: Ball
1-0: Swinging Strike
1-1: Called Strike
1-2: Foul Ball, location: 3FF
1-2: Ball
2-2: Strikes out swinging
Bottom of the 5th over - 0 runs, 0 hits, 0 errors, 0 left on base; Pittsburgh 2 - Miami 3
TOP OF THE 6TH
Pittsburgh Pirates batting - Pitching for Miami Marlins : LHP Alex Calipari
Batting: SHB Michael Toglia 0-0: Fly out, F9 (Flyball, 9, EV 80.6 MPH)
Batting: RHB Brayden Mack 0-0: Called Strike
0-1: SINGLE (Groundball, 4MD, EV 105.0 MPH)
Batting: LHB Dominic Fletcher 0-0: Foul Ball, location: 2F
0-1: Grounds into double play, 4-6-3 (Groundball, 4, EV 83.1 MPH)
Top of the 6th over - 0 runs, 1 hit, 0 errors, 0 left on base; Pittsburgh 2 - Miami 3
BOTTOM OF THE 6TH
Miami Marlins batting - Pitching for Pittsburgh Pirates : RHP Gunnar Graham
Pitching: LHP Jonah Ryan
Batting: RHB Ronald Acuna 0-0: Ball
1-0: Foul Ball, location: 9LSF
1-1: Called Strike
1-2: Strikes out looking
Batting: LHB Brandon Grieve 0-0: Called Strike
0-1: Foul Ball, location: 9LMF
0-2: Ground out 3-1 (Groundball, 34, EV 90.6 MPH)
Batting: RHB Tink Jones 0-0: SOLO HOME RUN (Flyball, 9D, EV 98.8 MPH), Distance : 386 ft
Batting: RHB Max Baker 0-0: Ball
1-0: Called Strike
1-1: Called Strike
1-2: Ball
2-2: Ground out 6-3 (Groundball, 6, EV 85.0 MPH)
Bottom of the 6th over - 1 run, 1 hit, 0 errors, 0 left on base; Pittsburgh 2 - Miami 4
TOP OF THE 7TH
Pittsburgh Pirates batting - Pitching for Miami Marlins : LHP Alex Calipari
Batting: LHB Andres Gimenez 0-0: Ball
1-0: Foul Ball, location: 2F
1-1: Ball
2-1: Fly out, F9 (Flyball, 9LM, EV 100.0 MPH)
Batting: SHB Anthony Seigler 0-0: Ball
1-0: Foul Ball, location: 23F
1-1: Swinging Strike
1-2: Strikes out swinging
Pitching: RHP Luis Martínez
Batting: RHB Stanford Samuels 0-0: Ball
1-0: Called Strike
1-1: Ball
2-1: Foul Ball, location: 9LMF
2-2: Foul Ball, location: 2F
2-2: Ball
3-2: Strikes out swinging
Top of the 7th over - 0 runs, 0 hits, 0 errors, 0 left on base; Pittsburgh 2 - Miami 4
BOTTOM OF THE 7TH
Miami Marlins batting - Pitching for Pittsburgh Pirates : LHP Jonah Ryan
Batting: RHB Will Holland 0-0: Ball
1-0: Ball
2-0: Ball
3-0: Base on Balls
Batting: LHB Pavin Smith 0-0: Foul Ball, location: 2F
0-1: Ball
1-1: Ball
Will Holland steals 2nd base
2-1: Fly out, F5 (Popup, 5S, EV 65.0 MPH)
Pitching: RHP Zach Linginfelter
Batting: RHB Grant Delpit 0-0: Ball
1-0: Ball
2-0: Ball
3-0: Base on Balls
Batting: RHB Edgardo Cortéz 0-0: Fly out, F3 (Popup, 34S, EV 79.4 MPH)
Batting: LHB Gunnar Henderson 0-0: Ball
1-0: SINGLE (Groundball, 4S, EV 75.6 MPH) (infield hit)
Will Holland to third
Grant Delpit to second
Batting: RHB Ronald Acuna 0-0: Ball
1-0: Ball
2-0: Called Strike
2-1: Called Strike
2-2: Foul Ball, location: 2F
2-2: Ball
3-2: GRAND SLAM HOME RUN (Flyball, 89XD, EV 104.4 MPH), Distance : 416 ft
Pitching: RHP Sam Bazley
Batting: LHB Brandon Grieve 0-0: Ball
1-0: Fly out, F8 (Flyball, 8LM, EV 93.1 MPH)
Bottom of the 7th over - 4 runs, 2 hits, 0 errors, 0 left on base; Pittsburgh 2 - Miami 8
TOP OF THE 8TH
Pittsburgh Pirates batting - Pitching for Miami Marlins : RHP Luis Martínez
Batting: LHB CJ Abrams 0-0: Ball
1-0: DOUBLE (Line Drive, 7LM, EV 100.6 MPH)
Batting: LHB Yordan Alvarez 0-0: Ball
1-0: Ball
2-0: Ball
3-0: Fly out, F7 (Line Drive, 7S, EV 96.3 MPH)
Batting: RHB Rece Hinds 0-0: Called Strike
0-1: Called Strike
0-2: Ball
1-2: Foul Ball, location: 9LDF
1-2: Strikes out swinging
Batting: SHB Michael Toglia 0-0: Ball
1-0: Ball
2-0: Called Strike
2-1: Ball
3-1: Called Strike
3-2: Foul Ball, location: 2F
3-2: Base on Balls
Batting: RHB Brayden Mack 0-0: Called Strike
0-1: Ball
1-1: Swinging Strike
1-2: Ball
2-2: Ball
3-2: Single, Error in OF, E7, batter to second base (Line Drive, 7S, EV 103.8 MPH)
CJ Abrams scores
Michael Toglia to third
Pitching: RHP Elijah Truby
Batting: LHB Dominic Fletcher 0-0: Ball
1-0: Ball
2-0: Called Strike
2-1: Ball
3-1: Hit by Pitch
Batting: LHB Andres Gimenez 0-0: Ball
1-0: Foul Ball, location: 3F
1-1: SINGLE (Groundball, 6, EV 80.0 MPH) (infield hit)
Michael Toglia scores
Brayden Mack to third
Dominic Fletcher to second
Batting: SHB Anthony Seigler 0-0: Ball
1-0: Ball
2-0: Ball
3-0: Called Strike
3-1: Called Strike
3-2: Strikes out swinging
Top of the 8th over - 2 runs, 3 hits, 1 error, 3 left on base; Pittsburgh 4 - Miami 8
BOTTOM OF THE 8TH
Miami Marlins batting - Pitching for Pittsburgh Pirates : RHP Sam Bazley
Batting: RHB Tink Jones 0-0: Called Strike
0-1: Ball
1-1: Ball
2-1: Ball
3-1: Called Strike
3-2: Ground out 5-3 (Groundball, 5S, EV 93.8 MPH)
Batting: RHB Max Baker 0-0: Called Strike
0-1: Ball
1-1: Ball
2-1: Called Strike
2-2: Ball
3-2: Strikes out swinging
Batting: RHB Will Holland 0-0: Called Strike
0-1: Hit by Pitch
Batting: LHB Pavin Smith 0-0: Ball
1-0: Called Strike
1-1: Ball
Will Holland steals 2nd base
2-1: Ball
3-1: Foul Ball, location: 9LSF
3-2: Fly out, F8 (Flyball, 8RM, EV 91.3 MPH)
Bottom of the 8th over - 0 runs, 0 hits, 0 errors, 1 left on base; Pittsburgh 4 - Miami 8
TOP OF THE 9TH
Pittsburgh Pirates batting - Pitching for Miami Marlins : RHP Elijah Truby
Batting: RHB Stanford Samuels 0-0: Ball
1-0: Swinging Strike
1-1: Foul Ball, location: 9LDF
1-2: TRIPLE (Flyball, 89XD, EV 106.9 MPH)
Batting: LHB CJ Abrams 0-0: Ball
1-0: Ball
2-0: Called Strike
2-1: Ball
3-1: Base on Balls
Pitching: RHP Phillippe Aumont
Batting: LHB Yordan Alvarez 0-0: Ball
1-0: Called Strike
1-1: Foul Ball, location: 25F
1-2: Strikes out looking
Batting: RHB Rece Hinds 0-0: Called Strike
0-1: Foul Ball, location: 23F
0-2: Ball
1-2: Ball
2-2: Fly out, F7 (Flyball, 78XD, EV 88.8 MPH)
Runner from 3rd tags up, SCORES, no throw by LF
Batting: SHB Michael Toglia 0-0: Ball
1-0: Swinging Strike
1-1: Foul Ball, location: 2RF
1-2: Strikes out looking
Top of the 9th over - 1 run, 1 hit, 0 errors, 1 left on base; Pittsburgh 5 - Miami 8
Tuesday, April 9th , 2024 - OOTP Baseball 24.11 Build 85